 Dungeon Crawl Stone Soup version 0.25-a0-492-g44cc58d149 (webtiles) character file.

Game seed: 11373883177155949231, levelgen mode: deterministic

127 kae the Insei (level 4, -7/35 HPs)
             Began as a Demonspawn Gladiator on Feb 11, 2020.
             Mangled by an iguana (10 damage)
             ... on level 3 of the Dungeon.
             The game lasted 00:02:24 (3474 turns).

kae the Insei (Demonspawn Gladiator)                Turns: 3474, Time: 00:02:25

Health: -7/35      AC:  4    Str: 14    XL:     4   Next: 85%
Magic:  4/4        EV: 18    Int:  9    God:
Gold:   79         SH:  0    Dex: 21    Spells: 3/3 levels left

rFire    . . .     SeeInvis .     - Unarmed
rCold    . . .     Gourm    .   (no shield)
rNeg     . . .     Faith    .   n - +1 leather armour (curse)
rPois    .         Spirit   .   (helmet restricted)
rElec    .         Reflect  .   (no cloak)
rCorr    .         Harm     .   (no gloves)
MR       .....                  (no boots)
Stlth    ++........             (no amulet)
HPRegen  0.11/turn              (no ring)
MPRegen  0.09/turn              (no ring)

@: agile, hasted, very quick
A: claws 1, hooves 1, horns 1
a: no special abilities


You were on level 3 of the Dungeon.
You were hungry.

You visited 1 branch of the dungeon, and saw 4 of its levels.

You collected 79 gold pieces.

Inventory:

Hand Weapons
 b - a +0 trident
Missiles
 c - 3 throwing nets (quivered)
Armour
 n - a cursed +1 leather armour (worn)
Scrolls
 f - 4 scrolls of teleportation
 g - 3 scrolls of identify
 h - a scroll of enchant armour
 j - a scroll of remove curse {unknown}
 k - a scroll of enchant weapon {unknown}
 m - a scroll of random uselessness {unknown}
Potions
 a - a potion of agility
 e - 4 potions of flight
Comestibles
 d - 7 rations


   Skills:
 + Level 3.2 Fighting
 - Level 1.7 Throwing
 - Level 2.6 Dodging
 * Level 4.5 Unarmed Combat


You had 3 spell levels left.
You didn't know any spells.
Your spell library was empty.

Dungeon Overview and Level Annotations

Branches:
Dungeon (4/15)
 Temple: D:4-7

Altars:
Makhleb
Nemelex Xobeh

Annotations:
D:3 1 runed translucent door, Crazy Yiuf
D:4 3 runed translucent doors, Error4North's ghost, amateur HOFi


Innate Abilities, Weirdness & Mutations

You have sharp fingernails.
You have large cloven feet.
You have a pair of small horns on your head.


Message History

The iguana is almost dead.
The iguana completely misses you.
Okay, then.
Okay, then.
It was a potion of haste.
You feel yourself speed up.
You scratch the iguana.
The iguana is almost dead.
The iguana misses you.
There is a stone staircase leading down here.
You aren't carrying any items that you can evoke.
Unknown command.
Okay, then.
As you read the scroll labeled MANU ZOILAMMOO, it crumbles to dust.
It is a scroll of enchant armour.
Your cursed +0 leather armour glows green for a moment.
Okay, then.
You see here a trident.
b - a trident The iguana bites you!
You die...

..........# #+# #...# #..
###.......# ... #...# ##..
#.......# #...# #...# ##.##
#.......# #)..# #...# #≈##
#.......# ##### #...# ##≈≈##
#.......# #...# #≈≈≈##
#.....>.###########...# #≈≈≈#≈
#........>............# #≈≈≈#≈
#............l@[......# #≈≈≈≈≈
#.....................# #≈≈≈≈≈
#.....................# #≈≈≈≈≈
#.....................# #≈≈≈≈≈
#.....................# #≈≈≈≈≈
###.....................# #≈≈≈#≈
..................(.....# #≈≈≈#≈
.##..[..................# ##≈##≈
.#......................#########


You could see an iguana.

Vanquished Creatures
  A hound skeleton (D:3)
  4 adders (D:2)
  An ooze (D:4)
  2 worms (D:2)
  3 dart slugs
  3 leopard geckos
  2 orcs (D:3)
  3 giant cockroaches
  5 goblins
  5 hobgoblins
  10 kobolds
  2 ball pythons
  6 bats
  3 frilled lizards
  7 rats
57 creatures vanquished.

Notes
Turn   | Place    | Note
-------+----------+-------------------------------------------
     0 | D:1      | kae the Demonspawn Gladiator began the quest for the Orb.
     0 | D:1      | Reached XP level 1. HP: 16/16 MP: 1/1
   140 | D:1      | Reached skill level 3 in Unarmed Combat
   161 | D:1      | Gained mutation: You have sharp fingernails. [demonic
                  | ancestry]
   161 | D:1      | Reached XP level 2. HP: 22/22 MP: 2/2
   724 | D:1      | Gained mutation: You have a pair of small horns on your
                  | head. [demonic ancestry]
   724 | D:1      | Reached XP level 3. HP: 22/28 MP: 3/3
  1467 | D:2      | Reached skill level 4 in Unarmed Combat
  1467 | D:2      | Gained mutation: You have large cloven feet. [demonic
                  | ancestry]
  1467 | D:2      | Reached XP level 4. HP: 33/34 MP: 4/4
  1731 | D:2      | Found a sparkling altar of Nemelex Xobeh.
  1985 | D:2      | Found a burning altar of Makhleb.
  1985 | D:2      | Noticed a blizzard demon
  1989 | D:2      | Noticed a neqoxec
  1989 | D:2      | Noticed a neqoxec
  2667 | D:3      | Found a runed translucent door.
  2668 | D:3      | Noticed Crazy Yiuf
  3432 | D:4      | Found a runed translucent gate.
  3432 | D:4      | Found a runed translucent gate.
  3432 | D:4      | Found a runed translucent gate.
  3432 | D:4      | Noticed Error4North's ghost (amateur HOFi)
  3474 | D:3      | Mangled by an iguana

Levels and vault maps discovered:
D:1:      eino_arrival_water_star, layout_basic, minmay_tromino_v4_a
D:2:      layout_basic, makhleb_altar_promises_db, first_ration,
          nemelex_altar_shiori
D:3:      wad_lake_hut, layout_basic, uniq_crazy_yiuf_cottage
D:4:      layout_rooms, minmay_temple_entry_waves, ebering_ghost_rock_garden,
          nicolae_ossuary_entry_giza, trog_three_pillars_becter

Skill      XL: |  1  2  3  4 |
---------------+-------------+-----
Unarmed Combat | 3 4 |  4.5
Fighting       | 3 |  3.2
Throwing       | |  1.7
Dodging        | |  2.6

Action                   |  1- 3 |  4- 6 || total
-------------------------+-------+-------++-------
Melee: Unarmed           |   120 |    57 ||   177
       Headbutt          |     8 |    12 ||    20
       Kick              |       |    16 ||    16
  Use: Scroll            |     2 |     1 ||     3
       Potion            |       |     3 ||     3
  Eat: Chunk             |     2 |     2 ||     4
       Ration            |       |     1 ||     1
Armor: Leather armour    |    34 |     6 ||    40
Dodge: Dodged            |    81 |    30 ||   111

Table legend:
 A = Non-vault XP
 B = Vault XP
 C = Vault XP percentage of total XP
 D = Non-vault monster count
 E = Vault monster count
 F = Vault count percentage of total count
                 A         B        C        D         E       F
            +---------+---------+-------+---------+---------+-------
      Total |     178 |       4 |   2.2 |      54 |       3 |   5.3
            +---------+---------+-------+---------+---------+-------
        D:1 |      45 |       4 |   8.2 |      24 |       3 |  11.1
        D:2 |      87 |       0 |   0.0 |      17 |       0 |   0.0
        D:3 |      38 |       0 |   0.0 |      11 |       0 |   0.0
        D:4 |       8 |       0 |   0.0 |       2 |       0 |   0.0
            +---------+---------+-------+---------+---------+-------
